 Dungeon Crawl Stone Soup version 0.32-a0-290-g598725c5f2 (webtiles) character file.

Game seed: 6458482385448621068

2217 retardedninja the Chopper (level 9, 0/79 HPs)
             Began as a Mountain Dwarf Fighter on Feb 13, 2024.
             Slain by an ogre
             ... wielding a +0 giant spiked club
              (13 damage)
             ... in the Ecumenical Temple.
             The game lasted 00:18:22 (7629 turns).

retardedninja the Chopper (Mountain Dwarf Fighter)  Turns: 7629, Time: 00:18:23

Health: 0/79       AC: 12    Str: 24    XL:     9   Next: 13%
Magic:  9/9        EV:  8    Int:  8    God:
Gold:   285        SH:  6    Dex: 15    Spells: 8/8 levels left

rFire   . . .        a - +0 war axe
rCold   . . .        c - +0 buckler
rNeg    . . .        r - +0 chain mail
rPois   .            (no helmet)
rElec   .            (no cloak)
rCorr   .            (no gloves)
SInv    .            x - +0 pair of boots
Will    +....        (no amulet) Stlth
                     h - +6 ring of dexterity
HPRegen 0.33/turn    k - ring of willpower
MPRegen 0.11/turn

%: no passive effects
@: no status effects
A: runic magic, artefact enchanting
a: no special abilities


You were in the Ecumenical Temple.
You visited 2 branches of the dungeon, and saw 7 of its levels.

You collected 285 gold pieces.

Inventory:

Hand Weapons
 a - a +0 war axe (weapon)
Missiles
 p - a throwing net (quivered)
Armour
 c - a +0 buckler (worn)
 r - a +0 chain mail (worn)
 x - a +0 pair of boots (worn)
 B - a +0 helmet
Jewellery
 h - a +6 ring of dexterity (left hand)
 k - a ring of willpower (right hand)
 m - a ring of magical power
 s - a ring of protection from fire
Talismans
 v - a maw talisman
Wands
 q - a wand of roots (5)
 t - a wand of charming (12)
 F - a wand of polymorph (11)
Scrolls
 e - a scroll of fog {unknown}
 f - a scroll of noise {unknown}
 j - 3 scrolls of teleportation {unknown}
 l - a scroll of enchant weapon {unknown}
 n - a scroll of immolation {unknown}
 w - a scroll of brand weapon {unknown}
 y - 5 scrolls of identify
 z - a scroll of poison {unknown}
 A - 2 scrolls of amnesia {unknown}
 C - a scroll of enchant armour {unknown}
 D - a scroll of fear {unknown}
 E - 2 scrolls of revelation {unknown}
Potions
 b - a potion of haste {unknown}
 g - a potion of lignification
 i - 2 potions of magic
 o - a potion of mutation {unknown}


   Skills:
 + Level 7.4 Fighting
 + Level 7.6 Axes
 + Level 7.4 Armour
 + Level 7.4 Shields


You had 8 spell levels left.
You didn't know any spells.
Your spell library contained the following spells:

 Spells                   Type           Power      Damage    Failure   Level
 Sandblast                Erth           0%         2d4       58%         1
 Shock                    Conj/Air       0%         1d3       58%         1
 Lesser Beckoning         Tloc           0%         N/A       75%         2
 Fugue of the Fallen      Necr           0%         N/A       92%         3
 Gell's Gravitas          Tloc           0%         N/A       92%         3
 Ozocubu's Armour         Ice            0%         N/A       92%         3
 Passwall                 Erth           0%         N/A       92%         3
 Stone Arrow              Conj/Erth      0%         3d7       92%         3
 Swiftness                Air            0%         N/A       92%         3
 Teleport Other           Tloc           0%         N/A       92%         3
 Tukima's Dance           Hex            0%         N/A       92%         3
 Airstrike                Air            0%         2d(0-16)  100%        4
 Animate Armour           Summ/Erth      0%         N/A       100%        4
 Brom's Barrelling Bould  Conj/Erth      0%         2d3       100%        4
 Manifold Assault         Tloc           0%         N/A       100%        4
 Passage of Golubria      Tloc           0%         N/A       100%        4
 Yara's Violent Unravell  Hex/Alch       0%         3d3       100%        5
 Dispersal                Tloc           0%         N/A       100%        6
 Lehudib's Crystal Spear  Conj/Erth      0%         10d2      100%        8


Dungeon Overview and Level Annotations

Branches:
Dungeon (6/15)             Temple (1/1) D:6

Altars:
Ashenzari
Dithmenos
Fedhas
Gozag
Hepliaklqana
Okawaru
Qazlal
Ru
Sif Muna
Trog
Uskayaw
Wu Jian
Zin
The Shining One

Shops:
D:3 [?

Annotations:
Temple 4 transporters


Innate Abilities, Weirdness & Mutations

Your spellcasting is much less encumbered by armour.
You can use scrolls of enchantment on lesser artefacts.


Message History

You feel sick.
There is a staircase back to the Dungeon, spattered with blood here.
You feel sick.
Your ogre hits the blink frog with a +0 giant spiked club!!
The blink frog dies!
You swap places.
You feel sick.
You feel sick.
You feel sick.
You feel sick.
You feel sick.
You are no longer poisoned.
You swap places.
You start resting.
The ogre is no longer charmed.
The ogre hits you with a +0 giant spiked club!
An ogre is nearby!
An ogre is nearby!
An ogre is nearby!
Aiming: Charm
Press: ? - help, Q - select action, (/) - cycle Shift-Dir - straight line, f/p - ogre
Aim: an ogre, wielding a +0 giant spiked club (lightly wounded, chance to affect: 49%)
The ogre resists with some effort.
The ogre hits you with a +0 giant spiked club!!
* * * LOW HITPOINT WARNING * * *
It was a potion of heal wounds.
You feel much better.
You feel much better.
The ogre hits you with a +0 giant spiked club!!
You hit the ogre.
The ogre is moderately wounded.
The ogre hits you with a +0 giant spiked club!
* * * LOW HITPOINT WARNING * * *
You slash the ogre!
The ogre is almost dead.
You block the ogre's attack.
You hit the ogre but do no damage.
The ogre is almost dead.
You completely miss the ogre.
The ogre is almost dead.
The ogre hits you with a +0 giant spiked club!
You die...

###..†###
##.#.<.#.##
##..#...#..##
###...#...#...###
##_....#...#...._##
#....._#...#......#
#......#...#......#
#......#...#......#
#.....©#©@©#©.....#
#......#ßOß#....._#
#.....©#©.©#©.....#
#......#...#......#
#......#...#......#
#......#...#......#
##_....#...#_..._##
###...#...#...###
##..#...#..##


You could see an ogre.

Vanquished Creatures
  Pikel (D:5)
  Sigmund (D:5)
  Edmund (D:5)
  2 water moccasins
  A black bear (D:4)
  An ogre (D:2)
  2 phantoms (D:5)
  A lemure (D:5)
  A scorpion (D:6)
  3 jellies
  3 orc priests
  3 hounds
  A sleepcap (D:5)
  An iguana (D:5)
  2 orc wizards
  Robin (D:4)
  7 gnolls
  6 adders
  2 dart slugs
  9 orcs
  5 bats
  5 endoplasms
  3 giant cockroaches (D:4)
  13 goblins
  9 hobgoblins
  5 quokkas
  7 ball pythons
  3 frilled lizards
  10 kobolds
  6 rats
115 creatures vanquished.

Vanquished Creatures (collateral kills)
  A blink frog (Temple)
1 creature vanquished.

Vanquished Creatures (others)
  A lemure (D:5)
  An orc (D:3)
  A kobold (D:4)
3 creatures vanquished.

Grand Total: 119 creatures vanquished

Notes
Turn   | Place    | Note
-------+----------+-------------------------------------------
     0 | D:1      | retardedninja the Mountain Dwarf Fighter began the quest
                  | for the Orb.
     0 | D:1      | Reached XP level 1. HP: 19/19 MP: 1/1
   184 | D:1      | Reached XP level 2. HP: 19/26 MP: 2/2
   739 | D:1      | Reached XP level 3. HP: 33/33 MP: 3/3
   956 | D:2      | Found a hazy altar of Hepliaklqana.
  1563 | D:2      | Reached XP level 4. HP: 40/40 MP: 4/4
  2563 | D:3      | Noticed an ogre
  2595 | D:3      | Found The Oracle's Delphic Readings.
  2615 | D:2      | Reached XP level 5. HP: 14/47 MP: 5/5
  3052 | D:2      | Killed an ogre
  3245 | D:3      | Reached XP level 6. HP: 26/53 MP: 6/6
  3564 | D:3      | Found Sontozxeff's Armour Boutique.
  3688 | D:3      | Found a stormy altar of Qazlal.
  3840 | D:4      | Reached skill level 5 in Fighting
  3840 | D:4      | Reached skill level 5 in Armour
  4098 | D:4      | Reached skill level 5 in Shields
  4127 | D:4      | Found a shadowy altar of Dithmenos.
  4309 | D:4      | Noticed Robin
  4319 | D:4      | Killed Robin
  4320 | D:4      | Reached skill level 5 in Axes
  4320 | D:4      | Reached XP level 7. HP: 58/61 MP: 7/7
  5404 | D:5      | Entered Level 5 of the Dungeon
  6372 | D:5      | Reached XP level 8. HP: 69/70 MP: 8/8
  6785 | D:5      | Noticed Pikel
  6804 | D:5      | Killed Pikel
  6867 | D:5      | Found a hide-covered altar of Uskayaw.
  7010 | D:5      | Found a broken altar of Ashenzari.
  7060 | D:5      | Noticed Sigmund
  7071 | D:5      | Killed Sigmund
  7133 | D:5      | Noticed Edmund
  7159 | D:5      | Killed Edmund
  7522 | D:6      | Found a staircase to the Ecumenical Temple.
  7536 | Temple   | Found a transporter.
  7536 | Temple   | Found a transporter.
  7536 | Temple   | Found a transporter.
  7536 | Temple   | Found a transporter.
  7536 | Temple   | Entered the Ecumenical Temple
  7583 | Temple   | a hound changed into a blink frog
  7583 | Temple   | Noticed a blink frog
  7590 | Temple   | Reached XP level 9. HP: 34/79 MP: 9/9
  7623 | Temple   | HP: 3/79 [ogre/+0 giant spiked club (25)]
  7629 | Temple   | Slain by an ogre

Illustrated notes

Levels and vault maps discovered:
D:1:      sevenhm_arrival_forest_fort_large_4, layout_basic
D:2:      minmay_wonky_spiral, layout_basic, basic_altar
D:3:      layout_loops_ring, lemuel_coloured_pillars_altar, serial_shops,
          nicolae_shop_rolling_square, minmay_misc_feat_cross,
          nicolae_nh_oracle_at_delphi
D:4:      layout_loops_corners, mainiacjoe_overflow_brackets, uniq_robin
D:5:      layout_loops_cross, nicolae_overflow_hidden_temple,
          mainiacjoe_overflow_small_starburst, sigmund_edmund_badplayer,
          uniq_sigmund, uniq_pikel
D:6:      layout_cave_pods, overflow_temple_1_default,
          nicolae_hepliaklqana_hippocampus, minmay_temple_entry_tees
Temple:   hellmonk_temple_divided_pantheon

Skill      XL: |  1  2  3  4  5  6  7  8 |
---------------+-------------------------+-----
Axes           | 3 4 5 6 7 |  7.6
Fighting       | 4 5 6 7 |  7.4
Armour         | 4 5 6 7 |  7.4
Shields        | 4 5 6 7 |  7.4

Action                     |  1- 3 |  4- 6 |  7- 9 || total
---------------------------+-------+-------+-------++-------
  Melee: War axe           |    94 |   123 |   218 ||   435
  Throw: Throwing net      |       |       |     3 ||     3
  Evoke: Wand              |       |     4 |     6 ||    10
    Use: Potion            |       |     6 |     6 ||    12
         Scroll            |       |     3 |       ||     3
 Armour: Scale mail        |    65 |     4 |       ||    69
         Chain mail        |       |   111 |   200 ||   311
  Dodge: Dodged            |    54 |    80 |    72 ||   206
  Block: Buckler           |    27 |    55 |    61 ||   143

Table legend: (Time is in decaauts)
 A = Elapsed time spent in this place.
 B = Non-inter-level travel time spent in this place.
 C = Inter-level travel time spent in this place.
 D = Time resting spent in this place.
 E = Time spent auto-exploring this place.
 F = Levels seen in this place.
 G = Mean time per level.
                   A        B        C        D        E       F      G
               +--------+--------+--------+--------+--------+-----+--------+
         Total |   7794 |   7550 |    244 |   2306 |   3838 |   7 | 1113.4 |
       Dungeon |   7704 |   7460 |    244 |   2291 |   3838 |   6 | 1284.0 |
        Temple |     90 |     90 |      0 |     15 |      0 |   1 |   90.0 |
               +--------+--------+--------+--------+--------+-----+--------+

Top non-repeatable levels by time:
     D:5: 2058 daAuts
     D:2: 1935 daAuts
     D:4: 1623 daAuts
     D:3: 1059 daAuts
     D:1: 907 daAuts
     D:6: 119 daAuts
  Temple: 90 daAuts
